 Dungeon Crawl Stone Soup version 0.19.1 (webtiles) character file.

5345 Mefis the Thaumaturge (level 10, -16/58 HPs)
             Began as a Deep Elf Wizard on Dec 14, 2016.
             Was a Follower of Sif Muna.
             Killed from afar by a fire dragon (32 damage)
             ... with a blast of flame
             ... on level 9 of the Dungeon.
             The game lasted 00:28:34 (11606 turns).

Mefis the Thaumaturge (Deep Elf Wizard)            Turns: 11606, Time: 00:28:35

Health: -16/58     AC:  5    Str:  4    XL:     10   Next: 38%
Magic:  24/26      EV: 21    Int: 27    God:    Sif Muna [*.....]
Gold:   275        SH:  0    Dex: 13    Spells: 9 memorised, 10 levels left

rFire  . . .     SeeInvis .     z - +1 spear (venom)
rCold  . . .     Gourm    .     a - +0 robe
rNeg   . . .     Faith    .     (no shield)
rPois  +         Spirit   .     l - +1 helmet
rElec  .         Reflect  .     x - +0 cloak
rCorr  .         Harm     .     (no gloves)
MR     +....                    (no boots)
Stlth  +++.......               E - amulet of magic regeneration
                                U - +6 ring of evasion
                                u - ring of poison resistance

@: no status effects
A: no striking features
a: Divine Energy, Renounce Religion


You were on level 9 of the Dungeon.
You worshipped Sif Muna.
Sif Muna was aware of your devotion.
You were hungry.

You visited 2 branches of the dungeon, and saw 12 of its levels.

You collected 554 gold pieces.
You spent 279 gold pieces at shops.

Inventory:

Hand Weapons
 z - a +1 spear of venom (weapon)
 C - a +0 hunting sling
Missiles
 w - 42 sling bullets
 L - 22 poisoned needles
Armour
 a - a +0 robe (worn)
 l - a +1 helmet (worn)
 x - a +0 cloak (worn)
Jewellery
 b - an uncursed ring of resist corrosion {unknown}
 u - a ring of poison resistance (left hand)
 E - an amulet of magic regeneration (around neck)
 K - an uncursed ring of flight
 U - a +6 ring of evasion (right hand)
 Y - an uncursed amulet of harm {unknown}
Wands
 s - a wand of disintegration (4/24)
 v - a wand of iceblast (1/15)
 F - a wand of heal wounds (4/9)
 R - a wand of teleportation (6/9)
 Z - a wand of paralysis (9/24)
Scrolls
 e - 2 scrolls of remove curse
 f - a scroll of amnesia
 k - 2 scrolls of enchant armour
 m - a scroll of enchant weapon
 p - a scroll of blinking {unknown}
 q - 4 scrolls of teleportation
 y - 3 scrolls of immolation
 A - 2 scrolls of fear
 B - 2 scrolls of recharging
 H - 2 scrolls of noise {unknown}
 I - 2 scrolls of magic mapping {unknown}
 N - a scroll of vulnerability {unknown}
 P - a scroll of fog {unknown}
Potions
 g - a potion of heal wounds
 h - 2 potions of curing
 i - 2 potions of resistance
 n - a potion of cancellation {unknown}
 t - 3 potions of lignification
 D - 3 potions of magic
 G - a potion of degeneration {unknown}
 M - a potion of ambrosia {unknown}
 O - a potion of berserk rage {unknown}
 Q - a potion of beneficial mutation {unknown}
 T - 2 potions of mutation {unknown}
 V - a potion of brilliance {unknown}
 W - a potion of haste {unknown}
 X - a potion of invisibility
Books
 c - a book of Minor Magic

   Spells                             Type                      Level
   a - Magic Dart                     Conjuration                  1
   b - Blink                          Translocation                2
   c - Call Imp                       Summoning                    2
   d - Repel Missiles                 Charms/Air                   2
   e - Slow                           Hexes                        2
   f - Conjure Flame                  Conjuration/Fire             3
   g - Mephitic Cloud                 Conjuration/Poison/Air       3
 S - a book of Necromancy

   Spells                             Type                      Level
   a - Pain                           Necromancy                   1
   b - Animate Skeleton               Necromancy                   1
   c - Vampiric Draining              Necromancy                   3
   d - Regeneration                   Charms/Necromancy            3
   e - Animate Dead                   Necromancy                   4
   f - Control Undead                 Necromancy                   4
Miscellaneous
 r - a crystal ball of energy
Comestibles
 d - 11 bread rations
 j - 3 slices of pizza
 o - a meat ration
 J - a beef jerky


   Skills:
 + Level 4.4 Fighting
 + Level 6.5 Dodging
 + Level 7.2 Stealth
 * Level 10.3 Spellcasting
 + Level 5.9 Conjurations
 + Level 3.8 Hexes
 - Level 1.1 Summonings
 * Level 0.0 Necromancy
 - Level 1.1 Translocations
 - Level 4.6 Air Magic
 - Level 5.1 Poison Magic
 + Level 1.5 Invocations
 + Level 4.1 Evocations


You had 10 spell levels left.
You knew the following spells:

 Your Spells              Type           Power        Failure   Level  Hunger
a - Magic Dart            Conj           ####         1%          1    None
b - Call Imp              Summ           ###.....     4%          2    None
c - Blink                 Tloc           N/A          4%          2    None
d - Repel Missiles        Chrm/Air       ####..       2%          2    None
e - Mephitic Cloud        Conj/Pois/Air  #####...     1%          3    None
f - Conjure Flame         Conj/Fire      ####....     3%          3    None
g - Slow                  Hex            ####....     1%          2    None
p - Regeneration          Chrm/Necr      ##........   14%         3    None
s - Pain                  Necr           ##..         4%          1    None


Dungeon Overview and Level Annotations

Branches:
Dungeon (11/15)            Temple (1/1) D:7            Lair (0/6) D:11
    Orc (0/2) D:11

Altars:
Ashenzari
Cheibriados
Dithmenos
Elyvilon
Fedhas
Gozag
Hepliaklqana
Kikubaaqudgha
Makhleb
Nemelex Xobeh
Okawaru
Qazlal
Ru
Sif Muna
Trog
Uskayaw
Vehumet
Xom
Yredelemnul
Zin
The Shining One

Shops:
D:9 *   D:11 (

Annotations:
D:3 dajomu's ghost, novice MiFi
D:11 Trampli's ghost, journeyman TrMo


Message History

Press: ? - help, v - describe, . - travel
Here: a fire dragon An open door.
Evoke which item? (* to show all) (? for menu, Esc to quit)
Zapping:
R - a wand of teleportation (will waste charges)
Press: ? - help, Shift-Dir - straight line, f - you, p - basilisk
Okay, then.
Evoke which item? (* to show all) (? for menu, Esc to quit)
Zapping:
Z - a wand of paralysis (will waste charges)
Press: ? - help, Shift-Dir - straight line, f - fire dragon, p - basilisk
Aim: a fire dragon (chance to defeat MR: 21%)
Okay, then.
The fire dragon breathes flames at you. The blast of flame hits you!
Ouch! That really hurt!
* * * LOW HITPOINT WARNING * * *
The fire dragon breathes flames at you. The blast of flame hits you!
Ouch! That really hurt!
You die...

#.#############.##########
#.#...l....#.##..#
#.#........#..##)###
#.#.D..D...#...#[..#
#.#'####...#....##.#######
#.# #...#......>...)..##
#.# #...#.##....#####..##
#.# #...#.####....# ##.<.
#.# #...@)# #....# ####
#.# ####### ##...##### #.#
#.#..†..### ###
#...###...# ##..##.....
####....<. #...... #......
##.....


You could see a fire dragon and a basilisk (confused).

Vanquished Creatures
  Pikel (D:7)
  A deep elf mage (D:9)
  2 kobold demonologists (D:11)
  2 hippogriffs
  A centaur simulacrum (D:11)
  Sigmund (D:3)
  A spriggan (D:7)
  A human (shapeshifter) (D:9)
  A hell hound (D:11)
  Duvessa (D:4)
  A slave (D:7)
  2 sky beasts
  An orc warrior (D:11)
  2 phantoms
  3 ice beasts
  4 ogres
  2 big kobolds (D:11)
  2 bullfrogs
  Dowan (D:4)
  2 scorpions
  A scorpion (shapeshifter) (D:9)
  2 killer bees (D:9)
  2 howler monkeys
  An electric eel (D:8)
  A bullfrog zombie (D:5)
  3 centaur zombies
  A quasit (D:11)
  2 orc priests
  4 hounds
  2 jellies (D:7)
  A bullfrog skeleton (D:8)
  A gnoll shaman (D:4)
  2 orc wizards
  3 iguanas
  5 worker ants
  A statue (D:8)
  A hound zombie (D:6)
  A worker ant zombie (D:6)
  Robin (D:3)
  3 gnolls (D:4)
  2 howler monkey skeletons
  9 adders
  An ooze (D:2)
  An adder zombie (D:6)
  3 adder skeletons
  9 worms
  3 leopard geckos
  25 orcs
  13 giant cockroaches
  10 hobgoblins
  8 jackals
  12 kobolds
  2 quokkas
  11 bats
  9 frilled lizards
  11 goblins
  A leopard gecko skeleton (D:4)
  8 rats
208 creatures vanquished.

Vanquished Creatures (collateral kills)
  An orc priest (D:5)
  An orc wizard (D:3)
  5 orcs
  3 hobgoblins (D:3)
  7 goblins (D:3)
17 creatures vanquished.

Vanquished Creatures (others)
  An ogre (D:7)
1 creature vanquished.

Grand Total: 226 creatures vanquished

Notes
Turn   | Place    | Note
-------+----------+-------------------------------------------
     0 | D:1      | Mefis the Deep Elf Wizard began the quest for the Orb.
     0 | D:1      | Reached XP level 1. HP: 10/10 MP: 7/7
   365 | D:1      | Reached XP level 2. HP: 15/15 MP: 4/9
   373 | D:1      | Learned a level 2 spell: Call Imp
   376 | D:1      | Learned a level 2 spell: Blink
   379 | D:1      | Learned a level 2 spell: Repel Missiles
   939 | D:2      | Reached XP level 3. HP: 11/20 MP: 7/11
   944 | D:2      | Learned a level 3 spell: Mephitic Cloud
  1116 | D:2      | Reached skill level 5 in Spellcasting
  1297 | D:2      | Found a glowing golden altar of the Shining One.
  1392 | D:2      | Found a basalt altar of Yredelemnul.
  1527 | D:2      | Reached XP level 4. HP: 3/24 MP: 2/13
  1532 | D:2      | Learned a level 3 spell: Conjure Flame
  1606 | D:2      | Reached skill level 1 in Fighting
  1995 | D:2      | Reached skill level 1 in Poison Magic
  2456 | D:3      | Noticed Robin
  2484 | D:3      | Noticed dajomu's ghost (novice MiFi)
  2884 | D:3      | Reached XP level 5. HP: 29/29 MP: 8/14
  2988 | D:3      | Noticed Sigmund
  3002 | D:3      | Killed Sigmund
  3002 | D:3      | Reached skill level 1 in Air Magic
  3002 | D:3      | Reached XP level 6. HP: 34/34 MP: 0/16
  3201 | D:3      | Killed Robin
  3644 | D:3      | Reached skill level 6 in Spellcasting
  3926 | D:4      | Found a shadowy altar of Dithmenos.
  3969 | D:4      | Noticed Duvessa
  3969 | D:4      | Noticed Dowan
  4577 | D:4      | Killed Duvessa
  4577 | D:4      | Reached XP level 7. HP: 40/40 MP: 6/18
  4616 | D:4      | Killed Dowan
  4899 | D:4      | Found a shattered altar of Ashenzari.
  5031 | D:4      | Found a bloodstained altar of Trog.
  5375 | D:4      | Found an iron altar of Okawaru.
  5394 | D:4      | Reached skill level 7 in Spellcasting
  5394 | D:4      | Reached skill level 1 in Evocations
  5543 | D:5      | Entered Level 5 of the Dungeon
  5816 | D:5      | Reached XP level 8. HP: 30/45 MP: 8/20
  7147 | D:6      | Reached skill level 8 in Spellcasting
  7247 | D:6      | Reached skill level 5 in Stealth
  7255 | D:6      | Reached skill level 5 in Dodging
  7433 | D:6      | Learned a level 2 spell: Slow
  7773 | D:6      | Reached skill level 1 in Hexes
  7996 | D:7      | Noticed Pikel
  8035 | D:7      | Killed Pikel
  8035 | D:7      | Reached skill level 9 in Spellcasting
  8035 | D:7      | Reached XP level 9. HP: 24/51 MP: 2/24
  8482 | D:7      | Reached skill level 5 in Conjurations
  8739 | D:7      | Found a staircase to the Ecumenical Temple.
  8776 | Temple   | Entered the Ecumenical Temple
  8819 | Temple   | Became a worshipper of Sif Muna the Loreminder
  9135 | D:8      | Found a radiant altar of Vehumet.
  9337 | D:8      | Found a bloodstained altar of Trog.
 10173 | D:9      | Found Bakih's General Store.
 10181 | D:9      | Bought a potion of invisibility for 104 gold pieces
 10181 | D:9      | Bought a potion of magic for 104 gold pieces
 10181 | D:9      | Bought a scroll of identify for 26 gold pieces
 10181 | D:9      | Bought a scroll of immolation for 45 gold pieces
 10286 | D:9      | Noticed a deep elf mage
 10286 | D:9      | Noticed an orb spider
 10302 | D:9      | Found a shimmering altar of Xom.
 10382 | D:9      | Found a shimmering altar of Xom.
 10382 | D:9      | Found a shimmering altar of Xom.
 10384 | D:9      | Found a shimmering altar of Xom.
 10414 | D:9      | Found a shimmering altar of Xom.
 10418 | D:9      | You fall through a shaft for 2 floors!
 10423 | D:11     | Found a staircase to the Lair.
 10430 | D:11     | Found Rown's Weapon Boutique.
 10430 | D:11     | Found a staircase to the Orcish Mines.
 10652 | D:11     | Noticed a gargoyle
 10669 | D:11     | Noticed a kobold demonologist
 10688 | D:11     | Noticed a rust devil
 10688 | D:11     | Killed a kobold demonologist
 10688 | D:11     | Reached XP level 10. HP: 57/57 MP: 15/25
 10701 | D:11     | Reached skill level 10 in Spellcasting
 10716 | D:11     | Reached * piety under Sif Muna
 10724 | D:11     | Reached skill level 5 in Poison Magic
 10830 | D:11     | Noticed Trampli's ghost (journeyman TrMo)
 11035 | D:10     | Entered Level 10 of the Dungeon
 11282 | D:9      | Reached skill level 1 in Invocations
 11299 | D:9      | Killed a deep elf mage
 11388 | D:9      | Learned a level 3 spell: Regeneration
 11390 | D:9      | Learned a level 1 spell: Pain
 11601 | D:9      | Noticed a fire dragon
 11606 | D:9      | Killed from afar by a fire dragon

Skill      XL: |  1  2  3  4  5  6  7  8  9 10 |
---------------+-------------------------------+-----
Spellcasting   | 5 6 7 9 10 | 10.3
Dodging        | 3 4 5 6 |  6.5
Conjurations   | 2 3 4 5 |  5.9
Fighting       | 1 2 3 4 |  4.4
Poison Magic   | 1 2 3 4 5 |  5.1
Stealth        | 3 4 5 6 7 |  7.2
Air Magic      | 1 2 3 4 |  4.6
Evocations     | 1 3 4 |  4.1
Hexes          | 1 3 |  3.8
Invocations    | 1 |  1.5
Summonings     | |  1.1
Translocations | |  1.1

Action                   |  1- 3 |  4- 6 |  7- 9 | 10-12 || total
-------------------------+-------+-------+-------+-------++-------
Melee: Dagger            |     6 |    14 |       |       ||    20
       Trident           |       |    32 |    43 |       ||    75
       Spear             |       |       |    13 |    51 ||    64
 Fire: Hunting sling     |       |     2 |       |       ||     2
 Cast: Magic Dart        |    88 |   144 |   412 |    35 ||   679
       Repel Missiles    |     1 |       |     1 |     1 ||     3
       Call Imp          |       |     5 |     1 |       ||     6
       Mephitic Cloud    |       |    12 |    27 |     8 ||    47
       Conjure Flame     |       |     7 |     7 |     5 ||    19
       Blink             |       |     1 |     2 |       ||     3
Evoke: Wand              |       |       |     2 |       ||     2
  Use: Scroll            |       |     2 |    10 |       ||    12
       Potion            |       |     1 |     1 |       ||     2
 Stab: Confused          |       |     3 |     5 |     3 ||    11
       Sleeping          |       |     1 |     3 |       ||     4
       Distracted        |       |     1 |       |       ||     1
  Eat: Chunk             |       |    11 |    14 |     2 ||    27
       Meat ration       |       |       |     1 |       ||     1
Armor: Robe              |       |    20 |    27 |     3 ||    50
Dodge: Dodged            |     7 |    62 |    86 |    27 ||   182
       Deflected         |       |       |     2 |     1 ||     3
